 Dungeon Crawl Stone Soup version 0.29.1-13-g9f3cf754e1 (webtiles) character file.

Game seed: 8991468912041066416

6842 unlimited1921 the Thaumaturge (level 11, -9/68 HPs)
             Began as a Djinni Fire Elementalist on Jan 24, 2023.
             Was a Priest of Fedhas.
             Mangled by an orc warrior
             ... wielding a +0 halberd
              (11 damage)
             ... on level 9 of the Dungeon.
             The game lasted 00:43:17 (14748 turns).

unlimited1921 the Thaumaturge (DjFE)               Turns: 14748, Time: 00:43:20

Health: -9/68      AC:  5    Str:  7    XL:     11   Next: 26%
Gold:   316        EV: 12    Int: 21    God:    Fedhas [***...] SH:  0 Dex: 14

rFire   + + +      SeeInvis .   e - +1 dagger (drain)
rCold   x . .      Faith    .   (no shield)
rNeg    . . .      Spirit   .   x - +0 leather armour {rF+}
rPois   ∞          Reflect  .   L - +0 helmet
rElec   .          Harm     .   G - +0 cloak
rCorr   .          Rampage  .   (no gloves)
Will    +....                   (boots unavailable)
Stlth   ++........              (no amulet)
HPRegen 0.21/turn               (no ring)
MPRegen 0.00/turn               (no ring)

@: flying
A: sickness immunity, fire resistance 2, cold vulnerability 1, float, innate
caster, HP casting, extra vitality 1
a: Renounce Religion, Wall of Briars, Grow Ballistomycete


You were on level 9 of the Dungeon.
You worshipped Fedhas.
Fedhas was most pleased with you.
You visited 1 branch of the dungeon, and saw 9 of its levels.

You collected 407 gold pieces.
You spent 91 gold pieces at shops.

Inventory:

Hand Weapons
 c - a +0 hand axe of flaming
 e - a +1 dagger of draining (weapon)
 m - the +11 quarterstaff "Pofebali" {freeze, rPois rF++ rCorr Str-3}
   (You found it on level 3 of the Dungeon)

   It freezes those it strikes, dealing additional cold damage.
   It can also slow down cold-blooded creatures.
   Str:       It affects your strength (-3).
   rF:        It greatly protects you from fire.
   rPois:     It protects you from poison.
   rCorr:     It protects you from acid and corrosion.
 C - a +4 hand axe of holy wrath
 D - the +5 dagger of Upheaval {chaos, *Rage Dex+6}
   (You found it on level 6 of the Dungeon)

   Each time it hits an enemy it has a different, random effect.
   Dex:       It affects your dexterity (+6).
   *Rage:     It berserks you when you make melee attacks (+20% chance).
 E - a +1 flail of protection
 I - the +6 long sword of Benevolence {vorpal, rPois rC- rCorr SInv}
   (You found it on level 8 of the Dungeon)

   It inflicts extra damage upon your enemies.
   rC:        It makes you vulnerable to cold.
   rPois:     It protects you from poison.
   SInv:      It lets you see invisible.
   rCorr:     It protects you from acid and corrosion.
 M - a +1 demon whip of venom
Missiles
 d - 3 throwing nets
Armour
 r - a +0 kite shield
 x - a +0 leather armour of fire resistance (worn)
 G - a +0 cloak (worn)
 H - a +1 robe of cold resistance
 L - a +0 helmet (worn)
Wands
 a - a wand of roots (12)
 b - a wand of mindburst (10)
 o - a wand of paralysis (11)
 y - a wand of flame (41)
 F - a wand of digging (7)
Scrolls
 f - 4 scrolls of immolation
 g - 3 scrolls of enchant weapon {unknown}
 l - a scroll of torment {unknown}
 n - a scroll of enchant armour
 q - 2 scrolls of silence
 t - 3 scrolls of teleportation
 w - 2 scrolls of fear
 J - a scroll of brand weapon {unknown}
 K - a scroll of poison {unknown}
Potions
 h - 2 potions of heal wounds
 i - a potion of brilliance
 j - 6 potions of curing {unknown}
 k - 3 potions of haste {unknown}
 p - 2 potions of berserk rage {unknown}
 s - a potion of lignification
 u - 3 potions of attraction {unknown}
 v - 2 potions of flight {unknown}
 z - a potion of mutation {unknown}
 A - 2 potions of cancellation
 B - 3 potions of invisibility {unknown}
 N - a potion of ambrosia {unknown}
 O - a potion of might {unknown}


   Skills:
 + Level 1.7 Fighting
 - Level 0.5 Short Blades
 + Level 3.9 Armour
 + Level 3.9 Dodging
 + Level 3.7 Stealth
 * Level 11.9 Spellcasting


You had 6 spell levels left.
You knew the following spells:

 Your Spells              Type           Power      Damage    Failure   Level
a - Foxfire               Conj/Fire      100%       2x1d9     1%          1
b - Scorch                Fire           100%       2d10      1%          2
c - Conjure Flame         Conj/Fire      58%        6-21      1%          3
d - Inner Flame           Hex/Fire       58%        N/A       1%          3
e - Flame Wave            Conj/Fire      58%        2d14      1%          4
f - Sandblast             Erth           100%       2d20      1%          1
g - Ensorcelled Hibernat  Hex/Ice        100%       N/A       1%          2
h - Lesser Beckoning      Tloc           58%        N/A       1%          3
i - Petrify               Tmut/Erth      58%        N/A       1%          4
j - Corpse Rot            Necr/Pois/Air  58%        N/A       1%          4
Your spell library was empty.

Dungeon Overview and Level Annotations

Branches:
Dungeon (9/15)             Temple (0/1) D:7            Lair (0/5) D:9
    Orc: D:9-12

Altars:
Cheibriados
Elyvilon
Fedhas
Wu Jian

Shops:
D:7 *


Innate Abilities, Weirdness & Mutations

You are immune to sickness and miasma.
You are immune to poison.
Your flesh is very heat resistant. (rF++)
You are vulnerable to cold. (rC-)
You float through the air rather than walking.
You learn spells naturally, not from books.
Your magical power is your life essence.
You have superior vitality. (+4 MHP)


Message History

Unknown command.
You are too injured to fight recklessly!
Unknown command.
You are too injured to fight recklessly!
Unknown command.
You are too injured to fight recklessly!
Unknown command.
You are too injured to fight recklessly!
Unknown command.
Unknown command.
You are too injured to fight recklessly!
The foxfire hits the orc warrior.
The orc warrior is severely wounded.
The foxfire hits the orc warrior but does no damage.
The orc warrior is severely wounded.
The orc warrior hits you from afar with a +0 halberd!
* * * LOW HITPOINT WARNING * * *
Casting: Foxfire (safe; 1% risk of failure)
Confirm with . or Enter, or press ? or * to list all spells.
Flames lash the kobold.
You kill the kobold!
Fedhas appreciates your contribution to the ecosystem.
* * * LOW HITPOINT WARNING * * *
The orc warrior hits you from afar with a +0 halberd!
* * * LOW HITPOINT WARNING * * *
Casting: Scorch (safe; 1% risk of failure)
Confirm with . or Enter, or press ? or * to list all spells.
Aiming: Sandblast (safe; 1% risk of failure)
Press: ? - help, Shift-Dir - straight line, f - orc warrior
Aim: an orc warrior, wielding a +0 halberd and wearing a +0 plate armour (severely wounded, 85% to hit)
The blast of sand misses the orc warrior.
* * * LOW HITPOINT WARNING * * *
The orc warrior barely misses you. The orc warrior closely misses you.
Casting: Sandblast (safe; 1% risk of failure)
Confirm with . or Enter, or press ? or * to list all spells.
You conjure some foxfire!
* * * LOW HITPOINT WARNING * * *
The orc warrior hits you from afar with a +0 halberd!
You die...
Fedhas appreciates your contribution to the ecosystem.

....)......#....#......#
...)).).....#...##.....#
..#######...#...##.....#
...≈...#....†<.#.....#
.#...#...).....#.....#
#.. ##........')....+
...PP...#.#....#.....#
...>.P.≈#.#....#.....#
........#.#v@.##....##
##...##...#v..#######
#.K.#...)o......... ...≈
..#............ ####
#...#.......?.
....##...##..). ....
#..[# .... ... ..... ...
.. ..... ..


You could see an orc warrior (ally target).

Vanquished Creatures
  A two-headed ogre (D:9)
  Erica (D:8)
  Amaemon (D:8)
  Pikel (D:8)
  An orange demon (D:8)
  A kobold demonologist (D:9)
  A hornet (D:8)
  Prince Ribbit (D:8)
  Sigmund (D:4)
  A black bear (D:4)
  An orc warrior (D:5)
  An ice beast (D:6)
  A sky beast (D:8)
  3 ogres
  5 centaurs
  3 lemures (D:8)
  2 kobold brigands
  4 bullfrogs
  4 necrophages
  3 scorpions
  10 wights
  4 killer bees (D:7)
  A jelly (D:5)
  9 orc priests
  A gnoll bouda (D:6)
  5 hounds
  3 iguanas
  8 orc wizards
  Natasha (D:3)
  8 gnolls
  7 adders
  A shadow imp (D:7)
  2 worms
  4 dart slugs
  31 orcs
  7 bats
  6 endoplasms
  4 giant cockroaches
  7 goblins
  13 hobgoblins
  13 jackals
  4 quokkas
  5 ball pythons
  5 frilled lizards
  12 kobolds
  7 rats
215 creatures vanquished.

Vanquished Creatures (others)
  577 foxfires
  4 fungi (D:9)
  3 plants (D:9)
584 creatures vanquished.

Grand Total: 799 creatures vanquished

Notes
Turn   | Place    | Note
-------+----------+-------------------------------------------
     0 | D:1      | unlimited1921 the Djinni Fire Elementalist began the quest
                  | for the Orb.
     0 | D:1      | unlimited1921 set off with the following spells memorised:
                  | Foxfire, Scorch, Conjure Flame, Inner Flame, Flame Wave.
     0 | D:1      | Reached XP level 1. HP: 15/15 MP: 0/0
   540 | D:1      | Reached XP level 2. HP: 16/21 MP: 0/0
  1822 | D:2      | Reached skill level 3 in Spellcasting
  2100 | D:2      | Reached XP level 3. HP: 23/25 MP: 0/0
  2100 | D:2      | Learned a level 1 spell: Sandblast
  3433 | D:2      | Reached XP level 4. HP: 29/31 MP: 0/0
  3938 | D:3      | Identified the +11 quarterstaff "Pofebali" {freeze, rPois
                  | rF++ rCorr Str-3}
  4549 | D:3      | Noticed Natasha
  4554 | D:3      | Killed Natasha
  4555 | D:3      | Reached XP level 5. HP: 31/35 MP: 0/0
  4555 | D:3      | Learned a level 2 spell: Ensorcelled Hibernation
  5268 | D:4      | Noticed Sigmund
  5572 | D:4      | Noticed a black bear
  5580 | D:4      | Reached skill level 1 in Armour
  5580 | D:4      | Reached XP level 6. HP: 26/41 MP: 0/0
  5894 | D:4      | Reached skill level 4 in Spellcasting
  6078 | D:5      | Entered Level 5 of the Dungeon
  6124 | D:4      | Killed a black bear
  6292 | D:4      | Killed Sigmund
  6293 | D:4      | Reached XP level 7. HP: 39/46 MP: 0/0
  6293 | D:4      | Learned a level 3 spell: Lesser Beckoning
  6359 | D:5      | Reached skill level 1 in Fighting
  6562 | D:5      | Reached skill level 5 in Spellcasting
  6562 | D:5      | Reached XP level 8. HP: 15/52 MP: 0/0
  7474 | D:5      | Reached skill level 6 in Spellcasting
  7932 | D:5      | Found an ornate altar of the Wu Jian Council.
  7937 | D:5      | Found a snail-covered altar of Cheibriados.
  7937 | D:5      | Found a white marble altar of Elyvilon.
  7941 | D:5      | Found a blossoming altar of Fedhas.
  7983 | D:5      | Became a worshipper of Fedhas Madash
  9504 | D:6      | Reached XP level 9. HP: 52/57 MP: 0/0
  9504 | D:6      | Learned a level 4 spell: Petrify
  9559 | D:6      | Reached skill level 7 in Spellcasting
 10126 | D:6      | Reached * piety under Fedhas
 10898 | D:6      | Identified the +5 dagger of Upheaval {chaos, *Rage Dex+6}
 11188 | D:7      | Reached skill level 8 in Spellcasting
 11787 | D:7      | Found a staircase to the Ecumenical Temple.
 11822 | D:7      | Found Seuczagetze's General Store.
 11830 | D:7      | Bought a potion of heal wounds for 65 gold pieces
 11830 | D:7      | Bought a scroll of identify for 26 gold pieces
 11847 | D:7      | Reached ** piety under Fedhas
 12588 | D:8      | Noticed Pikel
 12597 | D:8      | Killed Pikel
 12598 | D:8      | Reached skill level 9 in Spellcasting
 12598 | D:8      | Reached XP level 10. HP: 34/63 MP: 0/0
 12915 | D:8      | Noticed Erica
 12919 | D:8      | Killed Erica
 12920 | D:8      | Reached skill level 10 in Spellcasting
 13061 | D:8      | Identified the +6 long sword of Benevolence {vorpal, rPois
                  | rC- rCorr SInv}
 13149 | D:8      | Noticed Prince Ribbit
 13157 | D:8      | Killed Prince Ribbit
 13260 | D:8      | Noticed Amaemon
 13262 | D:8      | Noticed an orange demon
 13270 | D:8      | Killed Amaemon
 13297 | D:8      | Killed an orange demon
 13298 | D:8      | Reached skill level 11 in Spellcasting
 13703 | D:8      | Reached XP level 11. HP: 45/67 MP: 0/0
 13703 | D:8      | Learned a level 4 spell: Corpse Rot
 14056 | D:9      | Noticed a two-headed ogre
 14066 | D:9      | Killed a two-headed ogre
 14491 | D:9      | Found a staircase to the Lair.
 14574 | D:9      | Reached *** piety under Fedhas
 14748 | D:9      | Mangled by an orc warrior

Illustrated notes

Levels and vault maps discovered:
D:1:      spicycebolla_arrival_ecumenical, layout_rooms
D:2:      layout_loops_cross
D:3:      minmay_bubble_buster, layout_basic, bh_walls_and_bars, uniq_natasha
D:4:      layout_cave_pools, uniq_sigmund
D:5:      layout_basic, grunt_temple_overflow_open
D:6:      layout_rooms
D:7:      layout_gridville, minmay_temple_entry_stoned_glass, serial_shops,
          shop_fountains, nrook_loot_triangle, dk_noncrumbling_3
D:8:      layout_basic, minivault_10, uniq_pikel, uniq_amaemon, uniq_erica,
          uniq_prince_ribbit1
D:9:      layout_gridville, dpeg_oklobed_lair, erik_orc_3,
          hangedman_abyss_or_decor_slice, minivault_16

Skill      XL: |  1  2  3  4  5  6  7  8  9 10 |
---------------+-------------------------------+-----
Spellcasting   | 3 4 5 6 9 11 | 11.9
Stealth        | 2 3 |  3.7
Armour         | 1 2 3 |  3.9
Dodging        | 3 |  3.9
Fighting       | 1 |  1.7
Short Blades   | |  0.5

Action                   |  1- 3 |  4- 6 |  7- 9 | 10-12 || total
-------------------------+-------+-------+-------+-------++-------
Melee: Dagger            |    10 |    91 |    11 |    32 ||   144
 Cast: Foxfire           |    73 |    66 |   149 |    49 ||   337
       Scorch            |     5 |       |    25 |     7 ||    37
       Sandblast         |       |     2 |     4 |    20 ||    26
       Inner Flame       |       |     1 |    33 |    22 ||    56
       Conjure Flame     |       |       |     3 |     3 ||     6
       Flame Wave        |       |       |     8 |     1 ||     9
       Ensorcelled Hiber |       |       |     1 |       ||     1
       Petrify           |       |       |     2 |     7 ||     9
  Use: Scroll            |       |       |    10 |       ||    10
 Stab: Sleeping          |     1 |     5 |       |       ||     6
       Distracted        |       |     1 |       |       ||     1
Armor: Robe              |     3 |       |       |       ||     3
       Leather armour    |       |    22 |     8 |     5 ||    35
Dodge: Dodged            |    10 |    64 |    31 |    22 ||   127
